 Dungeon Crawl Stone Soup version 0.31.0-9-g3a7656b989 (webtiles) character file.

Game seed: 13974988888383177042

169 qw the Shooter (level 5, -2/26 HPs)
             Began as a Spriggan Hunter on Feb 2, 2024.
             Incinerated by a bombardier beetle (6 damage)
             ... with a burning spray
             ... on level 3 of the Dungeon.
             The game lasted 00:00:07 (1902 turns).

qw the Shooter (Spriggan Hunter)                    Turns: 1902, Time: 00:00:07

Health: -2/26      AC:  2    Str: 13    XL:     5   Next: 25%
Magic:  6/6        EV: 20    Int: 10    God:
Gold:   39         SH:  0    Dex: 21    Spells: 4/4 levels left

rFire   . . .        a - +1 shortbow (heavy)
rCold   . . .        (shield currently unavailable)
rNeg    . . .        c - +0 robe
rPois   .            (helmet restricted)
rElec   .            (no cloak)
rCorr   .            (gloves unavailable)
SInv    +            (boots unavailable)
Will    .....        (no amulet)
Stlth   +            i - +6 ring of strength
HPRegen 0.24/turn    (no ring)
MPRegen 0.10/turn

%: no passive effects
@: on fire, glowing, very quick
A: very small, no large weapons, unfitting armour, see invisible, speed 3
a: no special abilities


You were on level 3 of the Dungeon.
You visited 1 branch of the dungeon, and saw 3 of its levels.

You collected 129 gold pieces.
You spent 90 gold pieces at shops.


Innate Abilities, Weirdness & Mutations

You are very small and have problems with some larger weapons.
You are too small for most types of armour.
You have supernaturally acute eyesight. (SInv)
You cover ground extremely quickly. (Speed+++)


   Skills:
 - Level 2.2 Fighting
 + Level 5.3 Ranged Weapons
 - Level 5.0 Dodging
 - Level 1.5 Stealth


You had 4 spell levels left.
You didn't know any spells.
Your spell library was empty.

Inventory:

Hand Weapons
 a - a +1 heavy shortbow (weapon)
Armour
 c - a +0 robe (worn)
 e - a +2 hat
Jewellery
 i - a +6 ring of strength (left hand)
Wands
 k - a wand of flame (19)
Scrolls
 d - a scroll of immolation {unknown}
 h - a scroll of silence {unknown}
 l - a scroll of fear {unknown}
 m - a scroll of teleportation
 n - a scroll of fog {unknown}
Potions
 b - 2 potions of curing
 f - a potion of cancellation
 g - a potion of enlightenment
 j - a potion of mutation
 o - a potion of ambrosia {unknown}

Dungeon Overview and Level Annotations

Branches:
Dungeon (3/15)

Altars:
Ru

Shops:
D:2 ?!!*=


Message History

You hear a shout!
A goblin comes into view. It is wielding a +0 dagger.
You shoot an arrow. The arrow closely misses the goblin.
The goblin hits you with a +0 dagger.
You shoot an arrow. The arrow closely misses the goblin.
The goblin hits you with a +0 dagger.
You shoot an arrow. The arrow hits the goblin!
You kill the goblin!
You start resting.
HP restored.
Things that are here:
a +0 dagger; a goblin corpse
Found a stone staircase leading up.
Enter note:
Enter note:
There is a stone staircase leading up here.
o - a sapphire potion
Things that are here:
a +0 dagger; a goblin corpse A bombardier beetle comes into view.
You shoot an arrow. The arrow hits the bombardier beetle!
The bombardier beetle is severely wounded.
The bombardier beetle sprays incendiary fluid at you.
The burning spray hits you.
You are covered in liquid fire!
You shoot an arrow.
The arrow barely misses the bombardier beetle.
The liquid fire burns you!
You shoot an arrow. The arrow hits the bombardier beetle.
The bombardier beetle is almost dead.
The liquid fire burns you!
You shoot an arrow. The arrow hits the bombardier beetle!
You kill the bombardier beetle!
The liquid fire burns you!
You have reached level 5!
You feel agile.
You are on fire!
The liquid fire burns you!
You are on fire!
The liquid fire burns you!
You die...

#...## ### #...##
##.#####....# #
##.........###
######.....##...##
.................#
######.....##....#
## ##........#.#
.# #..#.#####@#
.######.##.#
#......#
.........#.#
#.######
>.%......#.# #.#
%#######.#.## #.#
...# ##....####.#
...## #..........#
....# #.....####.#
....# #.[#.##


There were no monsters in sight!

Vanquished Creatures
  2 bombardier beetles (D:3)
  Jessica (D:2)
  2 adders (D:2)
  8 ball pythons
  2 endoplasms
  4 giant cockroaches
  6 goblins
  4 hobgoblins
  8 jackals (D:1)
  3 quokkas
  6 bats
  6 frilled lizards
  6 kobolds
  3 rats (D:1)
61 creatures vanquished.

Notes
Turn   | Place    | Note
-------+----------+-------------------------------------------
     0 | D:1      | qw the Spriggan Hunter began the quest for the Orb.
     0 | D:1      | Reached XP level 1. HP: 10/10 MP: 2/2
     0 | D:1      | 0 ||| qw: Version: 0.3-a-155-g5e7d8dd
     0 | D:1      | 0 ||| qw: Game counter: 1602
     0 | D:1      | 0 ||| qw: Melee chars always use a shield: true
     0 | D:1      | 0 ||| qw: God list: Okawaru
     0 | D:1      | 0 ||| qw: Allow faded altars: false
     0 | D:1      | 0 ||| qw: Do Orc after clearing Dungeon:15 true
     0 | D:1      | 0 ||| qw: Do second Lair branch before Depths: true
     0 | D:1      | 0 ||| qw: Lair rune preference: random
     0 | D:1      | 0 ||| qw: Goals: Normal
     0 | D:1      | 0 ||| PLANNING D:1-11
    66 | D:1      | Reached skill level 3 in Dodging
   143 | D:1      | Reached XP level 2. HP: 14/14 MP: 3/3
   504 | D:1      | Reached XP level 3. HP: 18/18 MP: 4/4
   824 | D:1      | 824 ||| UPGRADING to +6 ring of strength.
   825 | D:1      | 825 ||| READING scroll labelled XEARUO YCURU.
   826 | D:1      | 826 ||| READING 3 scrolls labelled LUR RUTOLAGG.
   826 | D:1      | 826 ||| IDENTIFYING glowing inky potion
   827 | D:1      | 827 ||| READING 2 scrolls of identify.
   827 | D:1      | 827 ||| IDENTIFYING orange potion
   828 | D:1      | 828 ||| READING scroll of identify.
   828 | D:1      | 828 ||| IDENTIFYING lumpy sapphire potion
   829 | D:1      | 829 ||| READING scroll labelled BUIHULUX HONU.
   829 | D:1      | 829 ||| ENCHANTING +0 shortbow.
   830 | D:1      | 830 ||| DROPPING scroll of butterflies.
   831 | D:1      | 831 ||| DROPPING potion of degeneration.
   941 | D:2      | Found Mygrum's Jewellery Boutique.
   944 | D:2      | 944 ||| SHOPLISTING +5 ring of evasion (360 gold, have 86).
   944 | D:2      | 944 ||| SHOPLISTING amulet of the acrobat (300 gold, have
                  | 86).
   944 | D:2      | Found Piugic's General Store.
   959 | D:2      | 959 ||| BUYING potion of curing (33 gold).
   959 | D:2      | Bought a potion of curing for 33 gold pieces
   959 | D:2      | 959 ||| SHOPLISTING potion of resistance (110 gold, have
                  | 53).
   959 | D:2      | 959 ||| SHOPLISTING scroll of enchant weapon (82 gold, have
                  | 53).
   959 | D:2      | 959 ||| BUYING scroll of teleportation (33 gold).
   959 | D:2      | Bought a scroll of teleportation for 33 gold pieces
  1043 | D:2      | Found Cugeoxte's Distillery.
  1059 | D:2      | Noticed Jessica
  1059 | D:2      | HP: 4/18 [Jessica/puff of flame (14)]
  1060 | D:2      | 1060 ||| READING scroll of teleportation.
  1061 | D:2      | 1061 ||| FLEEEEING.
  1063 | D:2      | Found Edavas's Magic Scroll Emporium.
  1127 | D:2      | 1127 ||| BUYING scroll of identify (24 gold).
  1127 | D:2      | Bought a scroll of identify for 24 gold pieces
  1127 | D:2      | 1127 ||| SHOPLISTING scroll of identify (24 gold, have 6).
  1127 | D:2      | 1127 ||| SHOPLISTING scroll of teleportation (36 gold, have
                  | 6).
  1158 | D:2      | 1158 ||| SHOPLISTING 2 potions of mutation (176 gold, have
                  | 8).
  1158 | D:2      | 1158 ||| SHOPLISTING potion of curing (33 gold, have 8).
  1158 | D:2      | 1158 ||| SHOPLISTING potion of heal wounds (55 gold, have
                  | 8).
  1158 | D:2      | 1158 ||| SHOPLISTING potion of might (44 gold, have 8).
  1158 | D:2      | 1158 ||| SHOPLISTING potion of resistance (110 gold, have
                  | 8).
  1312 | D:2      | Found a sacrificial altar of Ru.
  1400 | D:2      | Killed Jessica
  1401 | D:2      | Reached XP level 4. HP: 22/22 MP: 5/5
  1402 | D:2      | Found Lontit's Distillery.
  1411 | D:2      | 1411 ||| SHOPLISTING potion of might (52 gold, have 30).
  1411 | D:2      | 1411 ||| SHOPLISTING potion of resistance (130 gold, have
                  | 30).
  1418 | D:2      | 1418 ||| DROPPING ring of wizardry.
  1419 | D:2      | 1419 ||| READING scroll of identify.
  1419 | D:2      | 1419 ||| IDENTIFYING clear potion
  1420 | D:2      | 1420 ||| READING scroll labelled PAANEW GIKED.
  1420 | D:2      | 1420 ||| BRANDING +1 shortbow.
  1421 | D:2      | 1421 ||| DRINKING 2 sedimented green potions.
  1422 | D:2      | 1422 ||| DROPPING potion of lignification.
  1901 | D:3      | Reached XP level 5. HP: 8/26 MP: 6/6
  1901 | D:3      | HP: 3/26 [burnt (5)]
  1902 | D:3      | Incinerated by a bombardier beetle

Levels and vault maps discovered:
D:1:      dpeg_arrival_pond, layout_basic, serial_curves, eino_curves_04,
          eino_curves_03
D:2:      layout_basic, basic_altar, serial_shops, shop,
          nicolae_shop_behind_doors, nicolae_shop_getting_attention,
          nicolae_shop_waterfront, nicolae_diamond_shop, uniq_jessica
D:3:      layout_loops_ring, uniq_crazy_yiuf_cottage

Skill      XL: |  1  2  3  4 |
---------------+-------------+-----
Dodging        | 3 4 5 |  5.0
Ranged Weapons | 5 |  5.3
Fighting       | 2 |  2.2
Stealth        | |  1.5

Action                     |  1- 3 |  4- 6 || total
---------------------------+-------+-------++-------
   Fire: Shortbow          |   102 |    39 ||   141
    Use: Scroll            |     6 |     2 ||     8
         Potion            |       |     1 ||     1
 Armour: Robe              |    14 |     3 ||    17
  Dodge: Dodged            |    36 |     5 ||    41

Table legend:
 A = Non-vault XP
 B = Vault XP
 C = Vault XP percentage of total XP
 D = Non-vault monster count
 E = Vault monster count
 F = Vault count percentage of total count
                 A         B        C        D         E       F
            +---------+---------+-------+---------+---------+-------
      Total |     205 |      37 |  15.3 |      60 |       1 |   1.6
            +---------+---------+-------+---------+---------+-------
        D:1 |      47 |       0 |   0.0 |      27 |       0 |   0.0
        D:2 |      45 |      37 |  45.1 |      15 |       1 |   6.2
        D:3 |     113 |       0 |   0.0 |      18 |       0 |   0.0
            +---------+---------+-------+---------+---------+-------
